 Dungeon Crawl Stone Soup version 0.22-a0-799-g88f5e907b7 (webtiles) character file.

142 Cecky the Magician (level 5, -2/28 HPs)
             Began as a Deep Elf Ice Elementalist on July 20, 2018.
             Slain by a worm (7 damage)
             ... on level 3 of the Dungeon on July 21, 2018.
             The game lasted 00:07:14 (2823 turns).

Cecky the Magician (Deep Elf Ice Elementalist)      Turns: 2823, Time: 00:07:15

Health: -2/28      AC:  3    Str:  5    XL:     5   Next: 4%
Magic:  14/14      EV: 13    Int: 21    God:
Gold:   74         SH:  0    Dex: 15    Spells: 7/14 levels left

rFire    . . .     SeeInvis .   p - +0 dagger
rCold    . . .     Gourm    .   (no shield)
rNeg     . . .     Faith    .   a - +0 robe
rPois    .         Spirit   .   (no helmet)
rElec    .         Reflect  .   (no cloak)
rCorr    .         Harm     .   o - +0 pair of gloves
MR       .....                  (no boots)
Stlth    ++........             (no amulet)
HPRegen  0.09/turn              (no ring)
MPRegen  0.14/turn              (no ring)

@: no status effects
A: no striking features
a: no special abilities


You were on level 3 of the Dungeon.
You were not hungry.

You visited 1 branch of the dungeon, and saw 3 of its levels.

You collected 74 gold pieces.

Inventory:

Hand Weapons
 p - a +0 dagger (weapon)
Armour
 a - a +0 robe (worn)
 o - a +0 pair of gloves (worn)
Jewellery
 h - an uncursed amulet of harm {unknown}
Scrolls
 d - a scroll of enchant armour {unknown}
 e - 4 scrolls of identify {unknown}
 f - 2 scrolls of blinking {unknown}
 g - 4 scrolls of remove curse {unknown}
 j - a scroll of immolation {unknown}
 k - a scroll of teleportation {unknown}
 l - 2 scrolls of fog {unknown}
 n - a scroll of noise {unknown}
Potions
 b - a potion of curing {unknown}
 i - 2 potions of mutation {unknown}
Comestibles
 c - 4 rations
 m - 4 chunks of flesh


   Skills:
 - Level 2.4 Dodging
 - Level 2.4 Stealth
 + Level 5.4 Spellcasting
 * Level 1.9 Conjurations
 + Level 4.7 Ice Magic


You had 7 spell levels left.
You knew the following spells:

 Your Spells              Type           Power        Failure   Level  Hunger
a - Freeze                Ice            ####         1%          1    None
b - Throw Frost           Conj/Ice       ###...       4%          2    None
c - Throw Icicle          Conj/Ice       ###.....     26%         4    ####...

Your spell library contained the following spells:

 Spells                   Type           Power        Failure   Level  Hunger
 Summon Ice Beast         Ice/Summ       ###.....     36%         4    ####...
 Ozocubu's Armour         Chrm/Ice       ###.....     12%         3    ##.....


Dungeon Overview and Level Annotations

Branches:
Dungeon (3/15)

Altars:
Ashenzari
Qazlal


Message History

The bat closely misses you. The worm bites you!
You barely miss the worm. The bat closely misses you.
There are monsters nearby!
There are monsters nearby!
There are monsters nearby!
The bat misses you. The worm bites you! The bat completely misses you.
The bat hits you.
* * * LOW HITPOINT WARNING * * *
The worm closely misses you. The bat barely misses you. The worm misses you.
The bat barely misses you. The bat closely misses you. x2
The bat hits you.
* * * LOW HITPOINT WARNING * * *
The worm misses you. The bat misses you. The bat barely misses you.
The worm bites you.
* * * LOW HITPOINT WARNING * * *
The bat misses you. The worm bites you!
You die...

... #.......# ...
#.......# #.. #.......#
#.# ##.....#
#.#######......##
###.b...........!.#
#####....######.......##
......w@................
###...#.########....?##.
#..# #.# ##...#### ...
#.# .......# # . #.#
........# # ..#
.........# # .##
.........# # #
####.##### #


You could see a worm and a bat.

Vanquished Creatures
  A bullfrog (D:3)
  An ooze (D:1)
  2 dart slugs (D:1)
  4 worms
  2 leopard geckos (D:1)
  A giant cockroach (D:2)
  8 goblins
  6 hobgoblins
  7 jackals (D:1)
  A ball python (D:2)
  9 bats
  4 frilled lizards
  4 kobolds
  8 rats
58 creatures vanquished.

Notes
Turn   | Place    | Note
-------+----------+-------------------------------------------
     0 | D:1      | Cecky the Deep Elf Ice Elementalist began the quest for the Orb.
     0 | D:1      | Reached XP level 1. HP: 10/10 MP: 6/6
   154 | D:1      | Reached XP level 2. HP: 15/15 MP: 5/8
   719 | D:1      | Reached skill level 4 in Spellcasting
   796 | D:1      | Reached XP level 3. HP: 10/19 MP: 5/10
   947 | D:1      | Learned a level 2 spell: Throw Frost
  1708 | D:2      | Found a shattered altar of Ashenzari.
  2056 | D:2      | Found a stormy altar of Qazlal.
  2405 | D:2      | Reached XP level 4. HP: 24/24 MP: 9/12
  2411 | D:2      | Learned a level 4 spell: Throw Icicle
  2693 | D:3      | Noticed a bullfrog
  2701 | D:3      | Killed a bullfrog
  2701 | D:3      | Reached skill level 5 in Spellcasting
  2701 | D:3      | Reached XP level 5. HP: 23/28 MP: 2/14
  2789 | D:3      | Upgraded the game from 0.22-a0-785-g6253c82ace to 0.22-a0-799-g88f5e907b7
  2823 | D:3      | Slain by a worm

Vault maps used:
D:1:      shiori_arrival_elements, hangedman_abyss_or_decor_stabs
D:2:      grunt_qazlal_clouds, nicolae_ashenzari_panopticon
D:3:      lemuel_doored_altar, fiery_altar_vehumet

Skill      XL: |  1  2  3  4 |
---------------+-------------+-----
Ice Magic      | 4 |  4.7
Spellcasting   | 4 5 |  5.4
Dodging        | |  2.4
Stealth        | |  2.4
Conjurations   | |  1.9

Action                   |  1- 3 |  4- 6 || total
-------------------------+-------+-------++-------
Melee: Unarmed           |     1 |       ||     1
       Dagger            |       |     1 ||     1
 Cast: Freeze            |    62 |     8 ||    70
       Throw Frost       |    23 |    13 ||    36
  Eat: Chunk             |     5 |     1 ||     6
Armor: Robe              |    12 |    11 ||    23
Dodge: Dodged            |    35 |    30 ||    65

Table legend:
 A = Spawn XP
 B = Non-spawn XP
 C = Spawn XP percentage of total XP
 D = Spawn monster count
 E = Non-spawn monster count
 F = Spawn count percentage of total count
 G = Total turns spent on level
                    A         B        C        D         E        F      G
               +---------+---------+-------+---------+---------+-------+---------
         Total |       0 |     204 |   0.0 |       0 |      58 |   0.0 |  2823
               +---------+---------+-------+---------+---------+-------+---------
           D:1 |       0 |      66 |   0.0 |       0 |      32 |   0.0 |  1671
           D:2 |       0 |      40 |   0.0 |       0 |      22 |   0.0 |  1004
           D:3 |       0 |      98 |   0.0 |       0 |       4 |   0.0 |   148
               +---------+---------+-------+---------+---------+-------+---------
